 Dungeon Crawl Stone Soup version 0.19.5 (webtiles) character file.

13 tidbits the Magician (level 2, 0/19 HPs)
             Began as a High Elf Wanderer on Nov 8, 2017.
             Succumbed to an adder's poison
             ... on level 1 of the Dungeon.
             The game lasted 00:02:24 (112 turns).

tidbits the Magician (High Elf Wanderer)             Turns: 112, Time: 00:02:25

Health: 0/19       AC:  2    Str: 15    XL:     2   Next: 24%
Magic:  5/8        EV: 11    Int: 14    God:
Gold:   0          SH:  0    Dex: 11    Spells: 3 memorised, 5 levels left

rFire  . . .     SeeInvis .     a - +2 spear
rCold  . . .     Gourm    .     B - +0 robe
rNeg   . . .     Faith    .     (no shield)
rPois  .         Spirit   .     (no helmet)
rElec  .         Reflect  .     (no cloak)
rCorr  .         Harm     .     (no gloves)
MR     .....                    (no boots)
Stlth  ++........               (no amulet)
                                (no ring)
                                (no ring)

@: lethally poisoned (0 -> -11), very slightly contaminated
A: no striking features
a: no special abilities


You were on level 1 of the Dungeon.
You were not hungry.

You visited 1 branch of the dungeon, and saw 2 of its levels.

Inventory:

Hand Weapons
 a - a +2 spear (weapon)
Armour
 B - a +0 robe (worn)
Books
 b - Pavvom's Papyrus of Moulding

   Spells                             Type                      Level
   a - Beastly Appendage              Transmutation                1
   b - Ignite Poison                  Fire/Transmutation/Poison    3
 f - Yhull's Almanac of the Compass

   Spells                             Type                      Level
   a - Shroud of Golubria             Charms/Translocation         2
   b - Blink                          Translocation                2
Comestibles
 c - a bread ration


   Skills:
 + Level 2.1 Fighting
 + Level 1.2 Throwing
 + Level 1.2 Armour
 + Level 1.8 Stealth
 + Level 4.9 Spellcasting
   Level 1.0 Earth Magic


You had 5 spell levels left.
You knew the following spells:

 Your Spells              Type           Power        Failure   Level  Hunger
b - Blink                 Tloc           N/A          30%         2    ##.....
e - Beastly Appendage     Tmut           #.....       21%         1    None
g - Shroud of Golubria    Chrm/Tloc      #.........   30%         2    ##.....


Dungeon Overview and Level Annotations

Branches:
Dungeon (2/15)

Altars:


Message History

Your talons disappear.
Casting: Beastly Appendage
Confirm with . or Enter, or press ? or * to list all spells.
You miscast Beastly Appendage.
You are very lightly contaminated with residual magic.
Nothing appears to happen.
Casting: Beastly Appendage
Confirm with . or Enter, or press ? or * to list all spells.
You grow a pair of large bovine horns.
The ooze hits you.
* * * LOW HITPOINT WARNING * * *
You hit the ooze.
The ooze is moderately wounded.
Your transformation is almost over.
The ooze hits you.
* * * LOW HITPOINT WARNING * * *
You are too injured to fight recklessly!
You hit the ooze. You headbutt the ooze.
You kill the ooze!
Your horns disappear.
Your magical contamination has completely faded away.
A rat and a goblin come into view.
Casting: Beastly Appendage
Confirm with . or Enter, or press ? or * to list all spells.
Your feet morph into talons.
Your transformation is almost over.
Attack whom?
Press: ? - help, Dir - move target cursor, f - goblin
Aim: a goblin, wielding a club You reach to attack!
You closely miss the goblin. You hit the goblin.
You kill the goblin!
You hit the rat.
You kill the rat!
You have reached level 2!
Memorise Shroud of Golubria, consuming 2 spell levels and leaving 7?
You start memorising the spell.
You continue memorising. x2
Your talons disappear.
You finish memorising.
Spell assigned to 'g'.
Memorise Blink, consuming 2 spell levels and leaving 5?
You start memorising the spell.
You continue memorising. x2
You finish memorising.
Spell assigned to 'b'.
You see here a club.
Found a scroll labeled LIG OKOMEMIDUJONN.
Found a stone staircase leading down.
An ooze comes into view.
The ooze quivers.
Casting: Beastly Appendage
Confirm with . or Enter, or press ? or * to list all spells.
You grow a pair of large bovine horns.
Your transformation is almost over.
Casting: Beastly Appendage
Confirm with . or Enter, or press ? or * to list all spells.
Space distorts slightly along a thin shroud covering your body.
Attack whom?
Press: ? - help, Dir - move target cursor, f - ooze
Aim: an ooze You reach to attack!
You hit the ooze.
The ooze is heavily wounded.
You hit the ooze.
You kill the ooze!
Your shroud begins to fray at the edges.
d - a scroll labeled LIG OKOMEMIDUJONN Autopickup is now off.
Your horns disappear.
There is a stone staircase leading down here.
You climb downwards.
An adder and a goblin come into view.
Your shroud unravels.
The adder hisses angrily.
You hear a shout!
The adder bites you.
* * * LOW HITPOINT WARNING * * *
You are poisoned.
The adder poisons you! The adder barely misses you.
A hobgoblin comes into view. It is wielding a club.
There is a stone staircase leading up here.
You aren't carrying any potions.
Unknown command.
You aren't carrying any potions.
Unknown command.
* * * LOW HITPOINT WARNING * * *
You feel sick. The adder closely misses you.
You climb upwards.
There is a stone staircase leading down here.
Casting: Shroud of Golubria
Confirm with . or Enter, or press ? or * to list all spells.
You miscast Shroud of Golubria.
You are very lightly contaminated with residual magic.
Waves of light ripple over your body.
* * * LOW HITPOINT WARNING * * *
You feel sick. The adder closely misses you. The adder bites you.
* * * LOW HITPOINT WARNING * * *
You are more poisoned.
The adder poisons you!
As you read the scroll labeled LIG OKOMEMIDUJONN, it crumbles to dust.
Your ears itch!
It was a scroll of random uselessness.
* * * LOW HITPOINT WARNING * * *
You feel sick. The adder barely misses you.
You hit the adder.
The adder is lightly wounded.
You die...

#. #. #. # #. . #. . #. #
#. .####. ..##.#.## .##..#
#.....S@######### .##..#
#.###.#.........# .##..##
#.###...#######.#
..#.#.###....######## #.#
............... ..# #.#
..#####.####.######.# #.#
.######.####.##...#.####.#
.............##.#........#
........###..##...#.######


You could see an adder.

Vanquished Creatures
  2 oozes (D:1)
  2 goblins (D:1)
  A bat (D:1)
  A rat (D:1)
6 creatures vanquished.

Notes
Turn   | Place    | Note
-------+----------+-------------------------------------------
     0 | D:1      | tidbits the High Elf Wanderer began the quest for the Orb.
     0 | D:1      | tidbits set off with: a +2 spear, Pavvom's Papyrus of Moulding, Yhull's Almanac of the Compass, a +0 robe, a bread ration
     0 | D:1      | Reached XP level 1. HP: 14/14 MP: 7/7
     0 | D:1      | Identified Pavvom's Papyrus of Moulding
     0 | D:1      | Identified Yhull's Almanac of the Compass
     2 | D:1      | Learned a level 1 spell: Beastly Appendage
    71 | D:1      | Reached XP level 2. HP: 7/19 MP: 6/8
    75 | D:1      | Learned a level 2 spell: Shroud of Golubria
    78 | D:1      | Learned a level 2 spell: Blink
   111 | D:1      | HP: 1/19 [poisoned by an adder]
   112 | D:1      | Succumbed to an adder's poison

Action                   || total
-------------------------++-------
Melee: Spear             ||    19
       Headbutt          ||     1
 Cast: Beastly Appendage ||     5
       Shroud of Golubri ||     1
  Use: Scroll            ||     1
Armor: Robe              ||     8
Dodge: Dodged            ||    14

Table legend:
 A = Turns spent in this place as a percentage of turns spent in the entire game.
 B = Non-inter-level travel turns spent in this place as a percentage of non-inter-level travel turns spent in the entire game.
 C = Inter-level travel turns spent in this place as a percentage of turns spent in this place.
 D = Turns resting spent in this place as a percentage of non-inter-level travel turns spent in this place.
 E = Turns spent auto-exploring this place as a percentage of non-inter-level travel turns spent in this place.
 F = Non-inter-level travel turns spent in this place divided by the number of levels of this place that you've seen.
                   A       B       C       D       E      F
               +-------+-------+-------+-------+-------+----------------------
         Total | 100.0 | 100.0 |   0.0 |   0.0 |   0.0 |  57.5
       Dungeon | 100.0 | 100.0 |   0.0 |   0.0 |   0.0 |  57.5
               +-------+-------+-------+-------+-------+----------------------

Table legend:
 A = Kills in this place as a percentage of kills in entire the game.
 B = Kills by you in this place as a percentage of kills by you in the entire game.
 C = Kills by friends in this place as a percentage of kills by friends in the entire game.
 D = Other kills in this place as a percentage of other kills in the entire game.
 E = Experience gained in this place as a percentage of experience gained in the entire game.
 F = Experience gained in this place divided by the number of levels of this place that you have seen.
                   A       B       C       D       E      F
               +-------+-------+-------+-------+-------+----------------------
         Total | 100.0 | 100.0 |  -nan |  -nan | 100.0 |   9.5
       Dungeon | 100.0 | 100.0 |  -nan |  -nan | 100.0 |   9.5
               +-------+-------+-------+-------+-------+----------------------

Vault maps used:
D:1:      dpeg_arrival_pits, okawaru_ov_weapons_minmay
